 Dungeon Crawl Stone Soup version 0.29-a0-509-g793eeb5391 (webtiles) character file.

Game seed: 1642363760725586962

137183 Morbidden the Brawler (level 16, -26/183 HPs)
             Began as a Minotaur Monk on May 29, 2022.
             Was a High Priest of Cheibriados.
             Annihilated by a tyrant leech (31 damage)
             ... called by a spriggan druid
             ... on level 3 of the Swamp.
             The game lasted 01:04:55 (37985 turns).

Morbidden the Brawler (Minotaur Monk)              Turns: 37985, Time: 01:04:55

Health: -26/183    AC: 29    Str: 33    XL:     16   Next: 68%
Magic:  22/26      EV: 24    Int: 25    God:    Cheibriados [*****.]
Gold:   3071       SH:  5    Dex: 28    Spells: 15/30 levels left

rFire   + . .      SeeInvis .     - Unarmed
rCold   + . .      Faith    .   (no shield)
rNeg    + + .      Spirit   .   (body armour currently unavailable)
rPois   ∞          Reflect  +   P - +2 hat
rElec   +          Harm     .   J - +0 cloak
rCorr   .          Rampage  .   (gloves currently unavailable)
Will    +....                   (boots currently unavailable)
Stlth   ++++......              d - amulet of reflection
HPRegen 0.40/turn               h - ring of protection from fire
MPRegen 0.20/turn               Y - ring "Rudar" {rC+ rN+ Stlth+}

@: statue-form, very slow
A: slow and powerful, torment resistance 1, boosted hp, horns 2, retaliatory
headbutt
a: End Transformation, Renounce Religion, Bend Time, Temporal Distortion,
Slouch, Step From Time


You were on level 3 of the Swamp.
You worshipped Cheibriados.
Cheibriados was extremely pleased with you.
You were a living statue of rough stone.
You visited 5 branches of the dungeon, and saw 27 of its levels.
You also visited: Sewer, Ossuary, Gauntlet and Volcano.

You collected 4245 gold pieces.
You spent 1174 gold pieces at shops.

Inventory:

Missiles
 a - 12 javelins
 c - 5 silver javelins
 A - a curare-tipped dart
 H - 13 boomerangs (quivered)
 I - 522 stones
Armour
 g - +0 storm dragon scales
 q - +1 swamp dragon scales (melded)
 x - a +3 ring mail of fire resistance
 J - a +0 cloak (worn)
 K - a +0 pair of gloves of strength (melded)
 P - a +2 hat (worn)
 R - the +2 pair of boots of Watchfulness (melded) {Int+4}
   (You found it in a volcano)

   Int:       It affects your intelligence (+4).
Jewellery
 d - an amulet of reflection (around neck)
 h - a ring of protection from fire (left fist)
 r - a +6 ring of intelligence
 s - a +4 ring of evasion
 y - a ring of protection from cold
 C - the ring "Rexkextu" {rC++ Will+}
   (You found it in a Gauntlet)

   [ring of willpower]

   rC:        It greatly protects you from cold.
   Will:      It increases your willpower.
 M - a ring of poison resistance
 Q - a ring of magical power
 Y - the ring "Rudar" (right fist) {rC+ rN+ Stlth+}
   (You bought it in a shop on level 2 of the Orcish Mines)

   [ring of positive energy]

   rC:        It protects you from cold.
   rN:        It protects you from negative energy.
   Stlth:     It makes you more stealthy.
 Z - a ring of resist corrosion
Wands
 n - a wand of flame (36)
 F - a wand of mindburst (6)
 L - a wand of iceblast (16)
 N - a wand of acid (17)
 S - a wand of digging (8)
Scrolls
 b - 4 scrolls of magic mapping
 e - a scroll of blinking
 j - 3 scrolls of enchant armour
 l - a scroll of teleportation
 z - 8 scrolls of amnesia
 E - 3 scrolls of fog
 G - a scroll of fear
 V - 3 scrolls of enchant weapon
 W - a scroll of silence
 X - 3 scrolls of immolation
Potions
 f - 3 potions of might
 i - 2 potions of mutation
 k - 13 potions of curing
 m - 4 potions of heal wounds
 o - 10 potions of lignification
 p - 8 potions of flight
 t - 2 potions of brilliance
 u - 2 potions of ambrosia
 v - 2 potions of resistance
 w - 5 potions of attraction
 B - 3 potions of invisibility
 D - 4 potions of cancellation
 U - a potion of berserk rage
Miscellaneous
 O - a lightning rod (4/4)


   Skills:
 * Level 12.7 Fighting
 + Level 2.6 Throwing
 + Level 8.8 Armour
 * Level 11.4 Dodging
 + Level 3.6 Stealth
 + Level 5.5 Shields
 * Level 16.4 Unarmed Combat
 * Level 7.9 Spellcasting
 * Level 7.1 Conjurations
 * Level 6.8 Transmutations
 * Level 8.1 Earth Magic
 * Level 9.7 Invocations
 + Level 0.7 Evocations


You had 15 spell levels left.
You knew the following spells:

 Your Spells              Type           Power      Damage    Failure   Level
a - Sandblast             Erth           100%       2d20      1%          1
b - Stone Arrow           Conj/Erth      96%        3d13      1%          3
s - Statue Form           Tmut/Erth      31%        N/A       41%         6
z - Irradiate             Conj/Tmut      22%        3d20      10%         5

Your spell library contained the following spells:

 Spells                   Type           Power      Damage    Failure   Level
 Foxfire                  Conj/Fire      100%       2x1d9     1%          1
 Magic Dart               Conj           100%       1d8       1%          1
 Passwall                 Tmut/Erth      39%        N/A       1%          2
 Searing Ray              Conj           90%        2d7       1%          2
 Petrify                  Tmut/Erth      47%        N/A       2%          4
 Spider Form              Tmut/Pois      26%        N/A       4%          3
 Necrotize                Necr           36%        1d5       6%          1
 Slow                     Hex            36%        N/A       6%          1
 Lee's Rapid Deconstruct  Erth           25%        3d15*     6%          5
 Blink                    Tloc           18%        N/A       10%         2
 Ensorcelled Hibernation  Hex/Ice        18%        N/A       10%         2
 Sublimation of Blood     Necr           9%         N/A       10%         2
 Animate Armour           Summ/Erth      60%        N/A       12%         4
 Leda's Liquefaction      Hex/Erth       15%        N/A       12%         4
 Fulminant Prism          Conj/Hex       13%        3d9       14%         4
 Confusing Touch          Hex            9%         N/A       19%         3
 Inner Flame              Hex/Fire       9%         N/A       19%         3
 Lesser Beckoning         Tloc           9%         N/A       19%         3
 Summon Guardian Golem    Hex/Summ       9%         N/A       19%         3
 Vampiric Draining        Necr           9%         2d6       19%         3
 Yara's Violent Unravell  Hex/Tmut       13%        3d7       38%         5
 Anguish                  Hex/Necr       4%         N/A       52%         4
 Corpse Rot               Necr/Pois/Air  9%         N/A       52%         4
 Dispel Undead            Necr           9%         3d8       52%         4
 Summon Lightning Spire   Summ/Air       9%         N/A       52%         4
 Manifold Assault         Tloc           9%         N/A       86%         5
 Conjure Ball Lightning   Conj/Air       13%        3x3d6     91%         6
 Starburst                Conj/Fire      13%        6d6       91%         6
 Death Channel            Necr           4%         N/A       100%        6
 Enfeeble                 Hex            4%         N/A       100%        7
 Malign Gateway           Summ/Tloc      4%         N/A       100%        7
 Discord                  Hex            4%         N/A       100%        8
 Disjunction              Tloc           4%         N/A       100%        8
 Ignition                 Fire           4%         3d4       100%        8


Dungeon Overview and Level Annotations

Branches:
Dungeon (15/15)            Temple (1/1) D:4            Lair (6/6) D:8
  Swamp (3/4) Lair:2       Spider (0/4) Lair:4        Slime (0/5) Lair:6
    Orc (2/2) D:11            Elf (0/3) Orc:2        Vaults (0/5) D:13
  Sewer (visited)         Ossuary (visited)         Volcano (visited)
Gauntlet (visited)
 Depths: D:15

Altars:
Ashenzari
Cheibriados
Dithmenos
Fedhas
Gozag
Hepliaklqana
Kikubaaqudgha
Makhleb
Nemelex Xobeh
Okawaru
Qazlal
Ru
Sif Muna
Trog
Uskayaw
Vehumet
Wu Jian
Yredelemnul
Zin
The Shining One

Shops:
Orc:2 (*((=

Annotations:
D:11 1 runed translucent door, FIQ's ghost, journeyman DsGl
D:12 1 runed translucent door, blade888's ghost, journeyman GnFE
D:15 Rupert
Lair:1 1 runed translucent door, Sat's ghost, journeyman MiBe
Lair:5 exclusion: oklob plant


Innate Abilities, Weirdness & Mutations

You are a living statue of rough stone.
Your actions are slow, but your melee attacks are powerful.
You are resistant to unholy torment.
Your maximum health is greatly increased.
You are immune to poison.
Your equipment is partially melded.
You have a pair of horns on your head.
You reflexively headbutt those who attack you in melee.


Message History

You pummel the six-headed hydra like a punching bag!!!
The six-headed hydra is severely wounded.
The six-headed hydra bites you but does no damage.
The six-headed hydra barely misses you.
You block the six-headed hydra's attack.
The six-headed hydra bites you but does no damage.
The six-headed hydra bites you! x2; You block the alligator's attack.
The alligator misses you. The tyrant leech misses you.
Unknown command.
You pummel the six-headed hydra!!
You kill the six-headed hydra!
Cheibriados thoroughly appreciates the change of pace.
The alligator bites you! The alligator completely misses you.
The eleionoma flows through the trees.
The alligator bites you but does no damage.
The alligator barely misses you.
You pummel the tyrant leech like a punching bag!!!
You headbutt the tyrant leech.
You kill the tyrant leech!
Cheibriados appreciates the change of pace.
You block the bunyip's attack.
The bunyip claws you but does no damage.
The bunyip claws you!!!
* * * LOW HITPOINT WARNING * * *
The eleionoma misses you. You block the alligator's attack.
The alligator tail-slaps you but does no damage.
The tyrant leech completely misses you.
You squash the eleionoma like an ant!!!
You headbutt the eleionoma!
You kill the eleionoma!
Cheibriados thoroughly appreciates the change of pace.
An eleionoma bone magically twists into a wand of flame (18).
The alligator closely misses you. The alligator completely misses you.
Unknown command.
Unknown command.
You hit the alligator. You headbutt the alligator!
The alligator is heavily wounded.
You block the alligator's attack. The alligator tail-slaps you!
* * * LOW HITPOINT WARNING * * *
The tyrant leech bites you!!
You die...

****<,,,,,,≈≈,,≈
*,,,≈≈≈≈≈≈≈≈≈≈,≈
*≈,,≈≈≈≈≈≈,≈≈,,,
****,≈≈≈≈≈,,≈≈*≈
*,.≈≈≈,,,≈*≈≈
*♣♣♣♣≈..≈≈,*,,≈≈≈
♣♣♣♣♣♣≈≈≈....,,**≈,*≈≈
♣♣≈.../x†≈.≈≈≈≈≈*≈,,,*≈
♣...≈≈8tw..≈≈≈,***,≈,≈*
♣♣.≈..†.w≈♣.≈≈≈≈≈≈,,,,≈≈
♣≈.....♣♣♣♣≈,.≈≈≈,,,©,,,
♣.≈.≈♣♣♣ **,,,≈,,*****,
♣≈≈†.♣ *♣≈≈≈≈,≈,*,©,*,
♣≈≈≈?♣ *♣≈..≈≈,,,*,,,*,
♣.≈≈.♣♣♣♣≈...,≈,****+***
♣♣...≈≈..≈≈..,,,**≈,^,≈,
♣♣♣♣..≈≈§≈..≈≈,*,≈,^,≈*


You could see a bunyip (strong), an alligator (strong, swift), a tyrant leech
(strong) and a swamp worm.

Vanquished Creatures
  Gastronok (Orc:1)
  3 ghouls (Swamp:1)
  4 eleionomae
  A minotaur (Gauntlet)
  A bunyip (Swamp:1)
  2 fire dragons
  Fannar (D:11)
  4 ogre magi (D:12)
  13 hydras
  6 boulder beetles
  4 catoblepae
  2 dancing weapons (D:13)
  15 two-headed ogres
  4 centaur warriors
  9 alligators
  3 orc high priests (Orc:2)
  4 death yaks (Lair:6)
  4 tengu warriors
  A vampire mage (Swamp:1)
  Urug (Lair:1)
  Nergalle (Lair:3)
  A fire crab (Lair:6)
  Amaemon (Lair:3)
  A spriggan druid (Swamp:3)
  2 goliath frogs (Swamp:1)
  2 lindwurms
  10 bog bodies
  5 orc knights
  A mana viper (shapeshifter) (D:12)
  2 will-o-the-wisps (Swamp:1)
  5 manticores
  7 ugly things
  5 orc sorcerers (Orc:2)
  An oklob plant (Gauntlet)
  11 cyclopes
  17 elephants
  A black mamba (shapeshifter) (D:13)
  7 black mambas
  4 gargoyles
  Maurice (Orc:1)
  2 torpor snails (Lair:6)
  Maggie (D:6)
  4 molten gargoyles
  An orange demon (Lair:3)
  6 cane toads
  2 kobold demonologists
  8 spectral spriggans (Swamp:1)
  2 unseen horrors
  A rime drake (Lair:5)
  3 freezing wraiths (D:12)
  14 komodo dragons
  An efreet (D:14)
  A polar bear (Lair:6)
  A bloated husk (Swamp:1)
  4 tyrant leeches
  18 blink frogs
  3 meliai (Gauntlet)
  9 trolls
  Grinder (D:3)
  2 hornets (Swamp:1)
  8 slime creatures
  Prince Ribbit (D:5)
  14 dream sheep (Lair:6)
  A jumping spider (shapeshifter) (D:13)
  Sigmund (D:2)
  2 shadows (D:12)
  32 yaks
  3 spriggans
  8 wyverns
  5 wraiths
  A yak (shapeshifter) (D:12)
  6 steam dragons
  5 basilisks
  9 fire bats (Volcano)
  2 redbacks (Lair:4)
  8 swamp worms
  A redback (shapeshifter) (D:13)
  8 vampire mosquitoes
  4 wargs
  6 acid dragons
  Edmund (D:4)
  9 hell hounds
  23 water moccasins
  A swamp drake (Swamp:1)
  29 orc warriors
  A meliai simulacrum (D:12)
  2 ice beasts
  3 sky beasts
  4 black bears
  5 ogres
  16 wolves
  10 centaurs
  2 phantoms (D:6)
  An elf zombie (Ossuary)
  3 kobold brigands
  A necrophage (D:7)
  Blork the orc (D:4)
  12 bullfrogs
  3 scorpions
  4 electric eels
  5 howler monkeys
  9 lava snakes
  4 hounds
  2 human zombies (Ossuary)
  A gnoll shaman (D:8)
  17 orc priests
  Crazy Yiuf (D:2)
  4 jellies
  4 iguanas
  Terence (D:2)
  35 orc wizards
  6 hell rats (Lair:5)
  2 mummies (Ossuary)
  8 gnolls
  13 adders
  A shadow imp (D:6)
  A white imp (D:5)
  2 adder zombies (Ossuary)
  2 worms
  104 orcs
  17 ball pythons
  8 endoplasms
  11 giant cockroaches
  8 hobgoblins
  8 jackals
  13 kobolds
  9 quokkas
  A bat (D:2)
  8 frilled lizards
  3 goblins
  2 goblin zombies (Ossuary)
  8 hobgoblin zombies (Ossuary)
  3 jackal zombies (Ossuary)
  9 kobold zombies (Ossuary)
  10 orc zombies (Ossuary)
  4 rats
852 creatures vanquished.

Vanquished Creatures (others)
  An ogre mage (D:12)
  A bloated husk (Swamp:1)
  A water moccasin (Lair:2)
  An orc (Orc:2)
  2 bushes (Lair:6)
  A demonic plant (Gauntlet)
  30 fungi
  55 plants
  A withered plant (Lair:1)
93 creatures vanquished.

Grand Total: 945 creatures vanquished

Notes
Turn   | Place    | Note
-------+----------+-------------------------------------------
     0 | D:1      | Morbidden the Minotaur Monk began the quest for the Orb.
     0 | D:1      | Reached XP level 1. HP: 19/19 MP: 0/0
   153 | D:1      | Found a faded altar of an unknown god.
   157 | D:1      | Got Plato's Disquisition on Stolen Souls
   252 | D:1      | Reached XP level 2. HP: 21/27 MP: 1/1
  1078 | D:2      | Reached XP level 3. HP: 33/33 MP: 2/2
  1419 | D:2      | Noticed Sigmund
  1454 | D:2      | Killed Sigmund
  1455 | D:2      | Reached skill level 4 in Unarmed Combat
  1455 | D:2      | Reached skill level 1 in Spellcasting
  1455 | D:2      | Reached XP level 4. HP: 16/41 MP: 2/4
  1455 | D:2      | Reached XP level 5. HP: 19/47 MP: 2/5
  1660 | D:2      | Found a runed translucent door.
  1661 | D:2      | Noticed Crazy Yiuf
  1722 | D:2      | Identified the +1 rapier "Bet Kijy" {speed, rN+ Dex+3}
  1745 | D:2      | Noticed Terence
  1760 | D:2      | Reached skill level 5 in Unarmed Combat
  1762 | D:2      | Reached skill level 1 in Armour
  1775 | D:2      | Killed Terence
  1776 | D:2      | Reached XP level 6. HP: 26/53 MP: 6/6
  2194 | D:3      | Noticed Grinder
  2199 | D:3      | Paralysed by Grinder for 2 turns
  2216 | D:3      | Paralysed by Grinder for 4 turns
  2221 | D:3      | Killed Grinder
  2222 | D:3      | Reached skill level 5 in Dodging
  2735 | D:3      | Found a glowing silver altar of Zin.
  2738 | D:3      | Found an ancient bone altar of Kikubaaqudgha.
  2739 | D:3      | Found an opulent altar of Gozag.
  2739 | D:3      | Found a shadowy altar of Dithmenos.
  2930 | D:4      | Found a shimmering blue altar of Sif Muna.
  2934 | D:4      | Found a stormy altar of Qazlal.
  2938 | D:4      | Reached XP level 7. HP: 31/60 MP: 8/8
  2949 | D:4      | Reached skill level 6 in Unarmed Combat
  2951 | D:4      | Found a burning altar of Makhleb.
  2956 | D:4      | Found a glowing golden altar of the Shining One.
  3054 | D:4      | Found a staircase to the Ecumenical Temple.
  3073 | Temple   | Entered the Ecumenical Temple
  3092 | Temple   | Became a worshipper of Cheibriados the Contemplative
  3092 | Temple   | Reached * piety under Cheibriados
  3092 | Temple   | Reached ** piety under Cheibriados
  3180 | D:4      | Found a glowing drain.
  3186 | Sewer    | Entered a sewer
  3314 | Sewer    | Reached *** piety under Cheibriados
  3321 | Sewer    | Reached skill level 5 in Fighting
  3865 | D:4      | Reached skill level 1 in Shields
  3945 | D:4      | Reached **** piety under Cheibriados
  4156 | D:4      | Noticed Edmund
  4177 | D:4      | Killed Edmund
  4178 | D:4      | Reached skill level 7 in Unarmed Combat
  4178 | D:4      | Reached XP level 8. HP: 35/65 MP: 10/10
  4361 | D:4      | Noticed Blork the orc
  4369 | D:4      | Killed Blork the orc
  4760 | D:5      | Entered Level 5 of the Dungeon
  4776 | D:5      | Noticed Prince Ribbit
  4795 | D:5      | Killed Prince Ribbit
  4796 | D:5      | Reached skill level 1 in Invocations
  4874 | D:5      | Found a sand-covered staircase.
  4878 | Ossuary  | Entered an ossuary
  5117 | Ossuary  | Reached ***** piety under Cheibriados
  5271 | Ossuary  | Reached skill level 8 in Unarmed Combat
  5928 | D:5      | Reached XP level 9. HP: 76/77 MP: 11/11
  6182 | D:5      | Found an ornate altar of the Wu Jian Council.
  6262 | D:5      | Learned a level 3 spell: Stone Arrow
  6586 | D:6      | Reached skill level 9 in Unarmed Combat
  6851 | D:6      | Noticed Maggie
  6864 | D:6      | Killed Maggie
  6865 | D:6      | Reached skill level 1 in Conjurations
  6865 | D:6      | Reached skill level 1 in Earth Magic
  7026 | D:6      | Noticed a troll
  7033 | D:6      | Killed a troll
  7596 | D:7      | Reached ****** piety under Cheibriados
  7777 | D:7      | Found a blossoming altar of Fedhas.
  7867 | D:7      | Reached skill level 10 in Unarmed Combat
  7967 | D:7      | Reached XP level 10. HP: 84/84 MP: 13/13
  8605 | D:7      | Reached skill level 5 in Armour
  8691 | D:8      | Found a staircase to the Lair.
  8831 | D:8      | Noticed a two-headed ogre
  8838 | D:8      | Killed a two-headed ogre
  8839 | D:8      | Reached skill level 11 in Unarmed Combat
  8976 | D:8      | Found a basalt altar of Yredelemnul.
  9948 | D:2      | Killed Crazy Yiuf
 10315 | D:9      | Learned a level 1 spell: Sandblast
 10616 | D:9      | Found a sacrificial altar of Ru.
 10885 | D:9      | Learned a level 5 spell: Irradiate
 11327 | D:10     | Entered Level 10 of the Dungeon
 11395 | D:10     | Found a radiant altar of Vehumet.
 11414 | D:10     | Reached XP level 11. HP: 92/92 MP: 5/15
 11490 | D:10     | Reached skill level 5 in Invocations
 11538 | D:10     | Noticed a two-headed ogre
 11545 | D:10     | Killed a two-headed ogre
 11613 | D:10     | Identified the +6 hand axe of Deflation {venom, rCorr}
 11655 | D:10     | Reached skill level 1 in Transmutations
 11870 | Lair:1   | Entered Level 1 of the Lair of Beasts
 12029 | Lair:1   | Noticed Urug
 12035 | Lair:1   | Killed Urug
 12143 | Lair:1   | Found a runed translucent door.
 12765 | Lair:1   | Noticed Sat's ghost (journeyman MiBe)
 13463 | Lair:2   | Noticed an eight-headed hydra
 13756 | Lair:2   | Noticed a catoblepas
 13774 | Lair:2   | Killed a catoblepas
 14350 | Lair:2   | Killed an eight-headed hydra
 14351 | Lair:2   | Reached XP level 12. HP: 57/104 MP: 8/17
 14771 | Lair:2   | Reached skill level 12 in Unarmed Combat
 15095 | Lair:2   | Found a staircase to the Swamp.
 15841 | Lair:3   | Noticed Amaemon
 15855 | Lair:3   | Killed Amaemon
 15990 | Lair:3   | Noticed Nergalle
 15999 | Lair:3   | Killed Nergalle
 16836 | Lair:4   | Noticed an eight-headed hydra
 16841 | Lair:4   | Killed an eight-headed hydra
 17218 | Lair:4   | Reached skill level 5 in Spellcasting
 17864 | Lair:4   | Found a hole to the Spider Nest.
 18449 | Lair:5   | Reached skill level 5 in Earth Magic
 18449 | Lair:5   | Noticed a catoblepas
 18465 | Lair:5   | Killed a catoblepas
 18780 | Lair:5   | Reached XP level 13. HP: 106/113 MP: 10/19
 18896 | Lair:5   | Reached skill level 13 in Unarmed Combat
 19724 | Lair:6   | Entered Level 6 of the Lair of Beasts
 19736 | Lair:6   | Reached skill level 10 in Fighting
 20676 | Lair:6   | Found a staircase to the Slime Pits.
 22029 | Lair:6   | Reached skill level 14 in Unarmed Combat
 22038 | Lair:6   | Reached XP level 14. HP: 79/122 MP: 22/22
 22444 | Lair:6   | Reached skill level 5 in Conjurations
 22828 | Lair:6   | Found a large runed translucent door.
 22828 | Lair:6   | Found a large runed translucent door.
 24305 | D:11     | Found a runed translucent door.
 24306 | D:11     | Noticed FIQ's ghost (journeyman DsGl)
 24347 | D:11     | Noticed Fannar
 24354 | D:11     | Killed Fannar
 24702 | D:11     | Reached skill level 5 in Transmutations
 24986 | D:11     | Reached skill level 1 in Throwing
 25140 | D:11     | Found a staircase to the Orcish Mines.
 25913 | D:12     | Reached skill level 10 in Dodging
 26243 | D:12     | Paralysed by something for 2 turns
 26884 | D:12     | Reached XP level 15. HP: 114/130 MP: 11/24
 27063 | D:12     | Reached skill level 5 in Shields
 27558 | D:12     | Reached skill level 15 in Unarmed Combat
 27676 | D:12     | Found a runed translucent door.
 27676 | D:12     | Noticed blade888's ghost (journeyman GnFE)
 29122 | D:13     | Found a gate to the Vaults.
 30151 | D:14     | Found a gate leading to a gauntlet.
 30157 | Gauntlet | Entered a Gauntlet
 30157 | Gauntlet | Found a transporter.
 30157 | Gauntlet | Found a transporter.
 30163 | Gauntlet | Found a transporter.
 30175 | Gauntlet | Found a transporter.
 30193 | Gauntlet | Found a transporter.
 30193 | Gauntlet | Found a transporter.
 30193 | Gauntlet | Found a transporter.
 30195 | Gauntlet | Found a transporter.
 30195 | Gauntlet | Found a transporter.
 30209 | Gauntlet | Found a transporter.
 30225 | Gauntlet | Found a transporter.
 30239 | Gauntlet | Found a transporter.
 30255 | Gauntlet | Found a transporter.
 30277 | Gauntlet | Found a transporter.
 30672 | Gauntlet | Identified the ring "Rexkextu" {rC++ Will+}
 30712 | Gauntlet | Identified the +3 mace "Vyluoth" {freeze, rElec rPois
                  | Int+2}
 30714 | Gauntlet | Identified the -1 cloak of a Gauntlet {rC+ rN+ Int-4 Dex+3}
 30715 | Gauntlet | Identified the +9 plate armour of the Trees {Rampage rPois
                  | rCorr Str-2}
 30792 | Gauntlet | Got the Disquisition on Calling
 30809 | Gauntlet | Got the Grimoire of Heat
 31887 | D:15     | Entered Level 15 of the Dungeon
 31887 | D:15     | Noticed Rupert
 32083 | Orc:1    | Entered Level 1 of the Orcish Mines
 32133 | Orc:1    | Noticed Gastronok
 32144 | Orc:1    | Killed Gastronok
 32166 | Orc:1    | Noticed Maurice
 32172 | Orc:1    | Killed Maurice
 32224 | Orc:1    | Found a dark tunnel.
 32247 | Volcano  | Entered a volcano
 32685 | Volcano  | Found a bloodstained altar of Trog.
 32712 | Volcano  | Found a bloodstained altar of Trog.
 32731 | Volcano  | Identified the +2 pair of boots of Watchfulness {Int+4}
 33214 | Orc:2    | Entered Level 2 of the Orcish Mines
 33766 | Orc:2    | Found Afriuj Ituo's Antique Weapon Shop.
 33772 | Orc:2    | Found a staircase to the Elven Halls.
 34347 | Orc:2    | Reached XP level 16. HP: 96/139 MP: 6/26
 34368 | Orc:2    | Paralysed by an orc sorcerer for 3 turns
 34668 | Orc:2    | Found Oshrac's Jewellery Emporium.
 34673 | Orc:2    | Found Unedadyq's Antique Weapon Boutique.
 34680 | Orc:2    | Found Poom's Assorted Antiques.
 34682 | Orc:2    | Found Uvikeot's Weapon Emporium.
 34688 | Orc:2    | Bought a pair of steaming gloves for 218 gold pieces
 34688 | Orc:2    | Identified the +0 pair of gloves of Mental Paralysis {rPois
                  | rC+ rN++ Slay-4} (You bought it in a shop on level 2 of the
                  | Orcish Mines)
 34698 | Orc:2    | Bought 2 scrolls of blinking for 345 gold pieces
 34698 | Orc:2    | Bought a scroll labelled QEMILL JEOFF for 23 gold pieces
 34700 | Orc:2    | Acquired a book of the Earth
 34712 | Orc:2    | Bought the ring "Rudar" {rC+ rN+ Stlth+} for 588 gold
                  | pieces
 34740 | Orc:2    | Learned a level 6 spell: Statue Form
 34942 | Swamp:1  | Entered Level 1 of the Swamp
 35240 | Swamp:1  | Reached skill level 16 in Unarmed Combat
 37985 | Swamp:3  | HP: 5/183 [alligator[a spriggan druid] (9)]
 37985 | Swamp:3  | Annihilated by a tyrant leech

Illustrated notes

Levels and vault maps discovered:
D:1:      dpeg_arrival_fog, layout_loops_cross,
          shapermc_ecumenical_altar_rom_forum, roderic_lattice_a,
          chequers_serial_rivers_small_3
D:2:      layout_basic, uniq_crazy_yiuf_cottage, uniq_sigmund, uniq_terence
D:3:      layout_basic, grunt_temple_overflow_open, uniq_grinder
D:4:      layout_gridville, grunt_temple_overflow_cloverleaf,
          minmay_temple_entry_drinking_statues, gup_sewer_entry_pipe,
          guppyfry_early_lair_pool, uniq_edmund, uniq_blork_the_orc
D:5:      layout_basic, mainiacjoe_overflow_alcove_1, enter_ossuary_5,
          minivault_23, skrybe_limestone_x, uniq_prince_ribbit1
D:6:      layout_basic, kennysheep_generic_room_2, uniq_maggie
D:7:      layout_basic, lemuel_doored_altar, hex_tiny, kennysheep_small_circle
D:8:      layout_cave_pools, kennysheep_little_box, minmay_lair_entry_grove
D:9:      layout_irregular_city, mainiacjoe_overflow_surrounded_room
D:10:     layout_cross, general_overflow_altar
D:11:     layout_loops_corners, hiddenorc1_lemuel,
          ebering_ghost_reflecting_pool, uniq_fannar
D:12:     minmay_the_grid_square_5x5_5x5
          [minmay_the_grid_square_5x5_two_walls_b,
          minmay_the_grid_square_5x5_dogpile, minmay_the_grid_square_5x5_three,
          minmay_the_grid_square_5x5_moneybag,
          minmay_the_grid_square_5x5_longway,
          minmay_the_grid_square_5x5_misaligned,
          minmay_the_grid_square_5x5_prize_rear_guard,
          minmay_the_grid_square_5x5_n_small,
          minmay_the_grid_square_5x5_prize_snowflake,
          minmay_the_grid_square_5x5_inner_z,
          minmay_the_grid_square_5x5_sharp_hourglass,
          minmay_the_grid_square_5x5_spiral,
          minmay_the_grid_square_5x5_prize_gold,
          minmay_the_grid_square_5x5_plus,
          minmay_the_grid_square_5x5_two_walls_a,
          minmay_the_grid_square_5x5_six,
          minmay_the_grid_square_5x5_prize_deathbox,
          minmay_the_grid_square_5x5_fancy_junction,
          minmay_the_grid_square_5x5_prize_pseudospiral,
          minmay_the_grid_square_5x5_inverted_slash,
          minmay_the_grid_square_5x5_lines,
          minmay_the_grid_square_5x5_three_walls,
          minmay_the_grid_square_5x5_shuriken,
          minmay_the_grid_square_5x5_broken_cross,
          minmay_the_grid_square_5x5_fat_x], layout_loops_ring,
          ebering_ghost_inner_flame, serial_aquarium, aquarium_bridge_square
          [aquarium_subvault_wall, aquarium_subvault_wall,
          aquarium_subvault_wall, aquarium_subvault_bridge],
          aquarium_window_fake, aquarium_window_1, aquarium_view_2c,
          aquarium_balcony_5b
D:13:     layout_roguey, erik_vaults_1
D:14:     layout_layer_cave, ebering_dispersal_statue_hall,
          gauntlet_entry_generic
D:15:     gammafunk_depths_entry_grave, layout_cave_pools,
          kiku_gazebo_pond_becter, uniq_josephine, uniq_rupert
Temple:   compressed_dpeg_triangle_lava_temple
Lair:1:   layout_loops_ring, gammafunk_ghost_grave, minmay_hedge_maze,
          st_stairs_7, uniq_urug
Lair:2:   wander_river, layout_hall_layers, nicolae_swamp_entry_splash_gauntlet
Lair:3:   layout_chaotic_city, lemuel_fruit_fields, serial_bayou_shore_b,
          uniq_amaemon, uniq_nergalle
Lair:4:   layout_roguey, spider_nest_entry_webs, lemuel_fruit_fields
Lair:5:   layout_regular_city, lemuel_fruit_tree, lemuel_fruit_fields,
          grunt_megastairs_3, serial_bayou_shore_a
Lair:6:   cheibrodos_lair_end_hotspot, layout_regular_city, slime_dummy,
          grunt_forest_large_clearing_hut
Swamp:1:  nicolae_swamp_flooded_prison, layout_basic_swamp,
          hangedman_swamp_ruin_hall, cheibrodos_swamp_pet_leeches
Swamp:2:  layout_basic_swamp, evilmike_swamp_ruin_rubble_1
Swamp:3:  gammafunk_worm_tunnel, layout_basic_swamp,
          portal_ice_cave_entry_ice_statue_one, nicolae_swamp_long_stream,
          swamp_pool1, uniq_kirke, uniq_mlioglotl
Orc:1:    layout_caves, enter_volcano_3, uniq_gastronok, uniq_maurice
Orc:2:    st_orc_elflike, layout_diamond_mine, serial_shops,
          nicolae_shop_statue_plus

Skill      XL: |  1  2  3  4  5  6  7  8  9 10 11 12 13 14 15 16 |
---------------+-------------------------------------------------+-----
Fighting       | 4 5 6 7 9 10 11 12 | 12.7
Dodging        | 4 5 6 7 8 9 10 11 | 11.4
Stealth        | 2 3 |  3.6
Unarmed Combat | 4 5 7 8 10 11 12 14 15 16 | 16.4
Spellcasting   | 1 2 3 4 5 6 7 |  7.9
Armour         | 1 2 3 4 5 6 7 8 |  8.8
Shields        | 1 2 3 4 5 |  5.5
Invocations    | 2 3 4 6 7 8 9 |  9.7
Conjurations   | 1 2 3 4 5 6 7 |  7.1
Earth Magic    | 1 2 4 5 6 7 8 |  8.1
Transmutations | 2 3 4 5 6 |  6.8
Throwing       | 1 2 |  2.6
Evocations     | |  0.7

Action                   |  1- 3 |  4- 6 |  7- 9 | 10-12 | 13-15 | 16-18 || total
-------------------------+-------+-------+-------+-------+-------+-------++-------
Melee: Unarmed           |    76 |    84 |   411 |   370 |   680 |   176 ||  1797
       Headbutt          |    14 |    14 |    71 |    93 |   197 |    41 ||   430
       Punch             |       |     3 |    14 |    33 |    75 |    18 ||   143
Throw: Javelin           |       |       |       |     4 |    55 |       ||    59
       Boomerang         |       |       |       |       |    36 |     9 ||    45
       Dart              |       |       |       |       |     1 |     1 ||     2
 Cast: Stone Arrow       |       |       |     2 |   114 |   342 |    90 ||   548
       Sandblast         |       |       |       |    29 |    38 |     9 ||    76
       Irradiate         |       |       |       |       |     1 |     3 ||     4
       Statue Form       |       |       |       |       |       |     2 ||     2
Invok: Slouch            |       |       |       |     1 |     7 |     1 ||     9
       Bend Time         |       |       |       |       |     1 |       ||     1
       Step From Time    |       |       |       |       |       |     4 ||     4
Evoke: Wand              |       |       |       |     3 |     4 |       ||     7
       Lightning rod     |       |       |       |       |     7 |     1 ||     8
  Use: Potion            |     1 |       |       |       |     7 |     1 ||     9
       Scroll            |       |     5 |     6 |    13 |    17 |     7 ||    48
 Stab: Sleeping          |     4 |       |     5 |     1 |     2 |       ||    12
       Distracted        |       |       |     1 |     2 |       |       ||     3
       Petrifying        |       |       |       |     5 |       |       ||     5
       Petrified         |       |       |       |     2 |       |       ||     2
       Fleeing           |       |       |       |       |     1 |       ||     1
Armor: Robe              |     7 |       |       |       |       |       ||     7
       Ring mail         |    16 |    25 |    98 |       |    18 |       ||   157
       Swamp dragon scal |       |       |    10 |    99 |   238 |    74 ||   421
       Skin              |       |       |       |       |       |    17 ||    17
Dodge: Dodged            |    58 |    41 |   267 |   341 |   720 |   206 ||  1633
Block: Other             |       |       |    77 |    92 |   160 |    39 ||   368
       Reflection        |       |       |     3 |     2 |     9 |       ||    14

Table legend: (Time is in decaauts)
 A = Elapsed time spent in this place.
 B = Non-inter-level travel time spent in this place.
 C = Inter-level travel time spent in this place.
 D = Time resting spent in this place.
 E = Time spent auto-exploring this place.
 F = Levels seen in this place.
 G = Mean time per level.
                   A        B        C        D        E       F      G
               +--------+--------+--------+--------+--------+-----+--------+
         Total |  52589 |  49646 |   2943 |   5859 |  35757 |  31 | 1696.4 |
       Dungeon |  26070 |  24085 |   1985 |   1744 |  18860 |  15 | 1738.0 |
        Temple |     45 |     21 |     24 |      0 |      0 |   1 |   45.0 |
          Lair |  16437 |  15722 |    715 |   2335 |  11699 |   6 | 2739.5 |
         Swamp |   3767 |   3741 |     26 |    852 |   2129 |   3 | 1255.7 |
  Orcish Mines |   2902 |   2711 |    191 |    409 |   1578 |   2 | 1451.0 |
         Sewer |    799 |    799 |      0 |      0 |    486 |   1 |  799.0 |
       Ossuary |    693 |    693 |      0 |    226 |    300 |   1 |  693.0 |
       Volcano |    865 |    865 |      0 |     53 |    544 |   1 |  865.0 |
      Gauntlet |   1009 |   1009 |      0 |    240 |    158 |   1 | 1009.0 |
               +--------+--------+--------+--------+--------+-----+--------+

Top non-repeatable levels by time:
  Lair:6: 4308 daAuts
    D:12: 4305 daAuts
 Swamp:1: 3572 daAuts
  Lair:2: 3496 daAuts
    D:11: 2676 daAuts
  Lair:5: 2479 daAuts
  Lair:4: 2352 daAuts
     D:4: 2181 daAuts
  Lair:1: 2053 daAuts
     D:6: 1889 daAuts
   Orc:2: 1888 daAuts
     D:7: 1875 daAuts
    D:14: 1839 daAuts
    D:13: 1833 daAuts
  Lair:3: 1746 daAuts
